 Dungeon Crawl Stone Soup version 0.21-a0-221-gfe971b9 (webtiles) character file.

16 Kidiri the Magician (level 2, -3/15 HPs)
             Began as a Deep Elf Fire Elementalist on Aug 25, 2017.
             Slain by a worm (10 damage)
             ... on level 1 of the Dungeon.
             The game lasted 00:03:11 (736 turns).

Kidiri the Magician (Deep Elf Fire Elementalist)     Turns: 736, Time: 00:03:12

Health: -3/15      AC:  3    Str:  5    XL:     2   Next: 41%
Magic:  6/8        EV: 13    Int: 19    God:
Gold:   104        SH:  0    Dex: 15    Spells: 5/8 levels left

rFire    . . .     SeeInvis .   f - +0 dagger
rCold    . . .     Gourm    .   (no shield)
rNeg     . . .     Faith    .   a - +0 robe
rPois    .         Spirit   .   (no helmet)
rElec    .         Reflect  .   (no cloak)
rCorr    .         Harm     .   (no gloves)
MR       .....                  i - +0 pair of boots
Stlth    ++........             (no amulet)
HPRegen  0.05/turn              (no ring)
MPRegen  0.11/turn              (no ring)

@: no status effects
A: no striking features
a: no special abilities


You were on level 1 of the Dungeon.
You were not hungry.

You visited 1 branch of the dungeon, and saw 1 of its levels.

You collected 104 gold pieces.

Inventory:

Hand Weapons
 f - a +0 dagger (weapon)
Armour
 a - a +0 robe (worn)
 i - a +0 pair of boots (worn)
Scrolls
 d - a scroll of identify {unknown}
 h - a scroll of blinking {unknown}
Potions
 e - 2 potions of curing {unknown}
Books
 b - a book of Flames

   Spells                             Type                      Level
   a - Flame Tongue                   Conjuration/Fire             1
   b - Throw Flame                    Conjuration/Fire             2
   c - Conjure Flame                  Conjuration/Fire             3
   d - Inner Flame                    Hexes/Fire                   3
   e - Sticky Flame                   Conjuration/Fire             4
   f - Fireball                       Conjuration/Fire             5
Comestibles
 c - a bread ration
 g - 4 chunks of flesh


   Skills:
 - Level 2.4 Dodging
 - Level 2.4 Stealth
 * Level 3.7 Spellcasting
 + Level 1.4 Conjurations
 + Level 3.5 Fire Magic


You had 5 spell levels left.
You knew the following spells:

 Your Spells              Type           Power        Failure   Level  Hunger
a - Flame Tongue          Conj/Fire      ##...        4%          1    None
b - Throw Flame           Conj/Fire      ##....       8%          2    ##.....


Dungeon Overview and Level Annotations

Branches:
Dungeon (1/15)

Altars:


Message History

Casting: Flame Tongue
Confirm with . or Enter, or press ? or * to list all spells.
Aiming: Flame Tongue
Press: ? - help, Shift-Dir - straight line, f - worm
Aim: a worm (lightly wounded)
The flame tongue hits the worm.
The worm appears unharmed.
The worm is lightly wounded.
You see here 19 stones.
Casting: Flame Tongue
Confirm with . or Enter, or press ? or * to list all spells.
Aiming: Flame Tongue
Press: ? - help, Shift-Dir - straight line, f/p - worm
Aim: a worm The flame tongue hits the worm.
The worm is moderately wounded.
The worm bites you!
Ouch! That really hurt!
The worm bites you!
Ouch! That really hurt!
You die...

.#.###≈###....##.#
.#.........#####.#
.###...........#.#
+###...........#<#
....#.[........#.#
....#..........#.#
....#..........#.#
....#....#######.#
#####....# #@#
.........# #w#
.........# #.#
.....##### #.#
.....# #$# .....#
### .....# .....#
..####


You could see a worm.

Vanquished Creatures
  A ball python (D:1)
  A bat (D:1)
  A giant cockroach (D:1)
  2 goblins (D:1)
  4 hobgoblins (D:1)
  2 jackals (D:1)
  A kobold (D:1)
  A rat (D:1)
13 creatures vanquished.

Notes
Turn   | Place    | Note
-------+----------+-------------------------------------------
     0 | D:1      | Kidiri the Deep Elf Fire Elementalist began the quest for the Orb.
     0 | D:1      | Reached XP level 1. HP: 10/10 MP: 6/6
   157 | D:1      | Reached XP level 2. HP: 11/15 MP: 2/8
   527 | D:1      | Learned a level 2 spell: Throw Flame
   736 | D:1      | Slain by a worm

Vault maps used:
D:1:      evilmike_arrival_run_for_it, grunt_decor_cap

Action                   || total
-------------------------++-------
Melee: Unarmed           ||     5
       Dagger            ||     6
 Cast: Flame Tongue      ||    20
 Stab: Sleeping          ||     4
Armor: Robe              ||     5
Dodge: Dodged            ||    15

Table legend:
 A = Spawn XP
 B = Non-spawn XP
 C = Spawn XP percentage of total XP
 D = Spawn monster count
 E = Non-spawn monster count
 F = Spawn count percentage of total count
 G = Total turns spent on level
                    A         B        C        D         E        F      G
               +---------+---------+-------+---------+---------+-------+---------
         Total |       0 |      24 |   0.0 |       0 |      13 |   0.0 |   736
               +---------+---------+-------+---------+---------+-------+---------
           D:1 |       0 |      24 |   0.0 |       0 |      13 |   0.0 |   736
               +---------+---------+-------+---------+---------+-------+---------
